 Dungeon Crawl Stone Soup version 0.30-a0-928-g7f6bbad527 (console) character file.

Game seed: 13460978716467433118

1069 Abuh the Cleaver (level 8, -5/73 HPs)
             Began as a Minotaur Fighter on Mar 23, 2023.
             Slain by Eustachio
             ... wielding a +2 rapier of flaming
              (7 damage)
             ... on level 5 of the Dungeon.
             The game lasted 00:13:37 (3593 turns).

Abuh the Cleaver (Minotaur Fighter)                 Turns: 3593, Time: 00:13:38

Health: -5/73      AC:  0    Str: 23    XL:     8   Next: 7%
Magic:  7/7        EV: 13    Int:  5    God:
Gold:   170        SH:  0    Dex: 10    Spells: 7/7 levels left

rFire   . . .      SeeInvis .    p - melded +5 hand axe of Usyiho {vamp, rElec rC+}
rCold   . . .      Faith    .    c - melded +0 buckler
rNeg    . . .      Spirit   .    b - melded +0 scale mail
rPois   .          Reflect  .    (helmet currently unavailable)
rElec   .          Rampage  .    h - melded +1 cloak
rCorr   .                        (gloves currently unavailable)
Will    .....                    (boots currently unavailable)
Stlth   +                        (no amulet)
HPRegen 0.32/turn                f - melded ring of protection from cold
MPRegen 0.10/turn                n - melded +5 ring of evasion

@: pig-form, very quick
A: fast, no casting, small, (horns 2), (retaliatory headbutt)
a: no special abilities


You were on level 5 of the Dungeon.
You were a filthy swine.
You visited 1 branch of the dungeon, and saw 5 of its levels.

You collected 170 gold pieces.

Inventory:

Hand Weapons
 a - a +0 war axe
 p - the +5 hand axe of Usyiho (melded) {vamp, rElec rC+}
   (You found it on level 5 of the Dungeon)

   rC:        It protects you from cold.
   rElec:     It insulates you from electricity.
Missiles
 i - 37 stones (quivered)
Armour
 b - a +0 scale mail (melded)
 c - a +0 buckler (melded)
 h - a +1 cloak (melded)
Jewellery
 f - a ring of protection from cold (melded)
 n - a +5 ring of evasion (melded)
Wands
 e - a wand of digging (4)
 m - a wand of flame (18)
 r - a wand of mindburst (12)
Scrolls
 j - 4 scrolls of identify
 q - a scroll of poison {unknown}
Potions
 d - a potion of might
 g - a potion of curing
 k - a potion of brilliance
 l - a potion of flight
 o - a potion of haste {unknown}


   Skills:
 + Level 7.4 Fighting
 * Level 9.5 Axes
 - Level 3.6 Armour
 - Level 3.6 Shields


You had 7 spell levels left.
You didn't know any spells.
Your spell library contained the following spells:

 Spells                   Type           Power      Damage    Failure   Level
 Magic Dart               Conj           0%         1d3       47%         1
 Scorch                   Fire           0%         2d5       63%         2
 Searing Ray              Conj           0%         2d4       63%         2
 Flame Wave               Conj/Fire      0%         2d4       99%         4
 Fulminant Prism          Conj/Hex       0%         3d5       99%         4
 Summon Cactus Giant      Summ           0%         N/A       100%        6


Dungeon Overview and Level Annotations

Branches:
Dungeon (5/15)
 Temple: D:4-7

Altars:

Shops:
D:4 *

Annotations:
D:5 Eustachio


Innate Abilities, Weirdness & Mutations

You are a filthy swine.
You move quickly.
Your equipment is almost entirely melded.
You are incapable of wielding weapons or throwing items.
You cannot cast spells.
((You have a pair of horns on your head.))
((You reflexively headbutt those who attack you in melee.))


Message History

You bite Eustachio!
Eustachio is moderately wounded.
Eustachio hits you with a +2 rapier of flaming!
Eustachio burns you.
You completely miss Eustachio.
Eustachio is moderately wounded.
Eustachio casts a spell.
You hit Eustachio.
Eustachio is moderately wounded.
Eustachio casts a spell.
Eustachio blinks!
You hit the river rat but do no damage. The river rat closely misses you.
You hit the river rat but do no damage. The river rat bites you.
The river rat barely misses you.
You hit the river rat but do no damage. The river rat misses you.
The river rat closely misses you.
You closely miss the river rat.
Eustachio casts a spell.
The river rat barely misses you. x2
You barely miss the bat. The bat closely misses you. The river rat bites you!
The river rat barely misses you. The quokka closely misses you.
You closely miss the bat. The bat closely misses you. The quokka bites you.
* * * LOW HITPOINT WARNING * * *
You hit Eustachio but do no damage.
Eustachio is moderately wounded.
The river rat bites you.
* * * LOW HITPOINT WARNING * * *
The river rat bites you.
* * * LOW HITPOINT WARNING * * *
Eustachio hits you with a +2 rapier of flaming!
* * * LOW HITPOINT WARNING * * *
Eustachio burns you.
* * * LOW HITPOINT WARNING * * *
You barely miss Eustachio.
Eustachio is moderately wounded.
The quokka barely misses you. The river rat barely misses you.
The river rat bites you.
* * * LOW HITPOINT WARNING * * *
You barely miss Eustachio.
Eustachio is moderately wounded.
The quokka bites you.
* * * LOW HITPOINT WARNING * * *
Eustachio hits you with a +2 rapier of flaming!
You die...

#........# #.>......#
#........# #........#
#........# #####
#........##############
##...##
#....<...............<#
### ##.....##
#........############.#
#.####.......# #........#
#.####### #...##.......#
#........#
#....)).#####.#.##.......#
##.#######
#######).....†..........##
#.#
...........#.###.#.......#
..# ##########.#.#
#.........# ..##
#...####..[..)..#
#..............##
##.####.......##
#.####......###
..............#
......####.##.# .......
#.# .# ....... #.# ..#
#### #.# #.# #.# #.#
#$##..# #)#..## ##r))#
#rh.## #.r@## #.#b.
...#.?. #####...# #...#
... ....# ####.. #)..# $
##....# # ..####.....#.#
...........<.#
#..........^##
##.#..........#
)....l.<...S..#
...h...........
.............#.
#####..g..@.## ..og..g..#
#....h....# #..oo.....#
#.o.......#


You could see Eustachio, 2 river rats, a quokka (summoned) and a bat (summoned).

Vanquished Creatures
  An ice beast (D:5)
  3 ogres (D:4)
  A scorpion (D:4)
  A gnoll sergeant (D:5)
  A howler monkey (D:4)
  A hound (D:4)
  4 orc priests
  Ijyb (D:3)
  3 orc wizards
  Robin (D:2)
  7 adders
  10 gnolls
  A white imp (D:5)
  3 worms
  23 orcs
  3 bats
  7 endoplasms
  2 giant cockroaches (D:1)
  10 goblins
  11 hobgoblins
  4 jackals (D:1)
  7 kobolds
  5 quokkas
  8 ball pythons
  3 frilled lizards (D:1)
  2 rats
123 creatures vanquished.

Notes
Turn   | Place    | Note
-------+----------+-------------------------------------------
     0 | D:1      | Abuh the Minotaur Fighter began the quest for the Orb.
     0 | D:1      | Reached XP level 1. HP: 19/19 MP: 0/0
   224 | D:1      | Reached skill level 3 in Axes
   226 | D:1      | Reached XP level 2. HP: 25/27 MP: 1/1
   894 | D:1      | Reached XP level 3. HP: 33/33 MP: 2/2
   988 | D:2      | Noticed Robin
   996 | D:2      | Reached skill level 4 in Axes
   998 | D:2      | Killed Robin
  1108 | D:2      | Found a faded altar of an unknown god.
  1153 | D:2      | Reached XP level 4. HP: 40/41 MP: 3/3
  1353 | D:2      | Reached skill level 5 in Axes
  1626 | D:3      | Reached XP level 5. HP: 38/47 MP: 4/4
  1698 | D:3      | Reached skill level 5 in Fighting
  1793 | D:3      | Noticed Ijyb
  1803 | D:3      | Killed Ijyb
  1883 | D:3      | Reached skill level 6 in Axes
  2373 | D:4      | Reached XP level 6. HP: 56/56 MP: 5/5
  2689 | D:4      | Reached skill level 7 in Axes
  2969 | D:4      | Found Pobanabu's Assorted Antiques.
  3120 | D:5      | Entered Level 5 of the Dungeon
  3120 | D:5      | Noticed Eustachio
  3208 | D:4      | Reached XP level 7. HP: 16/64 MP: 6/6
  3209 | D:4      | Reached skill level 8 in Axes
  3412 | D:5      | Identified the +5 hand axe of Usyiho {vamp, rElec rC+}
  3492 | D:5      | Reached skill level 9 in Axes
  3549 | D:5      | Reached XP level 8. HP: 49/73 MP: 7/7
  3593 | D:5      | HP: 2/73 [quokka[Eustachio] (4)]
  3593 | D:5      | Slain by Eustachio

Illustrated notes

Levels and vault maps discovered:
D:1:      dpeg_arrival_oval, layout_basic, hangedman_decor_riveting,
          minmay_pentomino_t4
D:2:      layout_rooms, ebering_ecumenical_altar_webs, minmay_3d_cube,
          uniq_robin
D:3:      layout_rooms, grunt_decor_fettered, grunt_decor_clamped, uniq_ijyb
D:4:      layout_cave_pools, serial_shops, nicolae_shop_advertising_works
          [nicolae_subvault_shop_adworks]
D:5:      layout_rooms, uniq_eustachio

Skill      XL: |  1  2  3  4  5  6  7 |
---------------+----------------------+-----
Axes           | 3 4 5 6 7 9 |  9.5
Fighting       | 4 5 6 7 |  7.4
Armour         | |  3.6
Shields        | |  3.6

Action                     |  1- 3 |  4- 6 |  7- 9 || total
---------------------------+-------+-------+-------++-------
  Melee: War axe           |    62 |   128 |     6 ||   196
         Headbutt          |    11 |    24 |    10 ||    45
         Hand axe          |       |       |    46 ||    46
         Unarmed           |       |       |    12 ||    12
    Use: Scroll            |     3 |     2 |       ||     5
         Potion            |       |     1 |       ||     1
 Armour: Scale mail        |    48 |    66 |    18 ||   132
  Dodge: Dodged            |    29 |    76 |    42 ||   147
  Block: Buckler           |    14 |    24 |    17 ||    55

Table legend: (Time is in decaauts)
 A = Elapsed time spent in this place.
 B = Non-inter-level travel time spent in this place.
 C = Inter-level travel time spent in this place.
 D = Time resting spent in this place.
 E = Time spent auto-exploring this place.
 F = Levels seen in this place.
 G = Mean time per level.
                   A        B        C        D        E       F      G
               +--------+--------+--------+--------+--------+-----+--------+
         Total |   3640 |   3490 |    150 |    804 |   1728 |   5 |  728.0 |
       Dungeon |   3640 |   3490 |    150 |    804 |   1728 |   5 |  728.0 |
               +--------+--------+--------+--------+--------+-----+--------+

Top non-repeatable levels by time:
     D:4: 1079 daAuts
     D:1: 986 daAuts
     D:3: 720 daAuts
     D:2: 632 daAuts
     D:5: 221 daAuts
